 Dungeon Crawl Stone Soup version 0.31-a0-232-gb1c03b2570 (webtiles) character file.

Game seed: 6617898687076625731

84 qw the Shooter (level 4, -2/26 HPs)
             Began as a Gargoyle Hexslinger on July 7, 2023.
             Slain by Sigmund
             ... wielding a +2 scythe of freezing
              (7 damage)
             ... on level 3 of the Dungeon.
             The game lasted 00:00:49 (1442 turns).

qw the Shooter (Gargoyle Hexslinger)                Turns: 1442, Time: 00:00:49

Health: -2/26      AC:  8    Str: 11    XL:     4   Next: 46%
Magic:  5/5        EV: 10    Int: 14    God:
Gold:   74         SH:  0    Dex: 14    Spells: 4/5 levels left

rFire   . . .        Y - +2 sling
rCold   . . .        (no shield)
rNeg    + . .        i - +0 ring mail
rPois   inf          (no helmet)
rElec   +            (no cloak)
rCorr   .            (no gloves)
SInv    .            (no boots)
Will    .....        (no amulet)
Stlth   +            (no ring)
HPRegen 0.24/turn    (no ring)
MPRegen 0.09/turn

%: no passive effects
@: no status effects
A: sickness immunity, AC +3, negative energy resistance 1, electricity
resistance, torment resistance 1, petrification resistance
a: no special abilities


You were on level 3 of the Dungeon.
You visited 1 branch of the dungeon, and saw 3 of its levels.

You collected 74 gold pieces.


Innate Abilities, Weirdness & Mutations

You are immune to sickness and miasma.
Your stone body is resilient. (AC +3)
You are immune to poison.
You resist negative energy. (rN+)
You are resistant to electric shocks. (rElec)
You are resistant to unholy torment.
You are immune to petrification.


   Skills:
 - Level 2.0 Fighting
 - Level 4.2 Ranged Weapons
 + Level 0.2 Armour
 - Level 1.5 Dodging
 - Level 1.0 Spellcasting
 - Level 2.6 Hexes


You had 4 spell levels left.
You knew the following spells:

 Your Spells              Type           Power      Damage    Failure   Level
a - Slow                  Hex            32%        N/A       22%         1

Your spell library contained the following spells:

 Spells                   Type           Power      Damage    Failure   Level
 Inner Flame              Hex/Fire       4%         N/A       73%         3
 Portal Projectile        Hex/Tloc       8%         N/A       73%         3
 Cause Fear               Hex            4%         N/A       91%         4

Inventory:

Hand Weapons
 Y - a +2 sling (weapon)
Armour
 i - a +0 ring mail (worn)
Scrolls
 c - a scroll of identify
Potions
 a - a potion of brilliance {unknown}
 d - 2 potions of might
 e - a potion of berserk rage {unknown}
 f - a potion of curing
 g - a potion of invisibility {unknown}
 k - a potion of mutation {unknown}
 l - a potion of ambrosia {unknown}

Dungeon Overview and Level Annotations

Branches:
Dungeon (3/15)

Altars:

Annotations:
D:2 1 runed translucent door, Crazy Yiuf
D:3 Sigmund


Message History

The sling bullet hits Sigmund.
Sigmund is heavily wounded.
A rat comes into view.
You shoot a sling bullet. The sling bullet hits Sigmund!
Sigmund is almost dead.
Sigmund drinks a potion.
Sigmund is healed!
You shoot a sling bullet.
The sling bullet hits Sigmund but does no damage.
Sigmund is heavily wounded.
Sigmund hits you from afar with a +2 scythe of freezing!
Sigmund freezes you.
You shoot a sling bullet. The sling bullet hits Sigmund.
Sigmund is heavily wounded.
Sigmund hits you but does no damage.
You shoot a sling bullet. The sling bullet hits the endoplasm.
You kill the endoplasm!
Sigmund closely misses you.
You shoot a sling bullet. The sling bullet hits Sigmund.
Sigmund is severely wounded.
Sigmund hits you but does no damage. The rat closely misses you.
You shoot a sling bullet.
The sling bullet closely misses the rat.
The sling bullet closely misses Sigmund.
The rat barely misses you. Sigmund barely misses you.
You shoot a sling bullet.
The sling bullet closely misses the rat.
The sling bullet hits Sigmund but does no damage.
Sigmund is severely wounded.
The rat bites you but does no damage. Sigmund barely misses you.
You shoot a sling bullet. The sling bullet hits the rat!
You kill the rat!
Sigmund hits you from afar with a +2 scythe of freezing!
Sigmund freezes you.
You shoot a sling bullet.
The sling bullet hits Sigmund but does no damage.
Sigmund is severely wounded.
You shoot a sling bullet. The sling bullet hits Sigmund.
Sigmund is almost dead.
Sigmund hits you from afar with a +2 scythe of freezing!
You die...

##...##
##.....##
##.......##
#.........#
+....<.)..+
#..<......#
##.......##
##.....##
##.@.##
##'## #@.
#.## #.#
... ... ...


You could see Sigmund.

Vanquished Creatures
  2 adders (D:2)
  A worm (D:2)
  5 dart slugs (D:1)
  6 ball pythons
  4 endoplasms
  2 giant cockroaches
  2 hobgoblins
  A jackal (D:2)
  A kobold (D:1)
  7 quokkas
  7 bats
  4 frilled lizards
  4 goblins
  5 rats
51 creatures vanquished.

Notes
Turn   | Place    | Note
-------+----------+-------------------------------------------
     0 | D:1      | qw the Gargoyle Hexslinger began the quest for the Orb.
     0 | D:1      | Reached XP level 1. HP: 12/12 MP: 2/2
     0 | D:1      | 0 ||| qw: Version: 0.3-a-46-gb1f654a
     0 | D:1      | 0 ||| qw: Game counter: 2228
     0 | D:1      | 0 ||| qw: Melee chars always use a shield: true
     0 | D:1      | 0 ||| qw: God list: Okawaru
     0 | D:1      | 0 ||| qw: Allow faded altars: false
     0 | D:1      | 0 ||| qw: Do Orc after clearing Dungeon:15 true
     0 | D:1      | 0 ||| qw: Do second Lair branch before Depths: true
     0 | D:1      | 0 ||| qw: Lair rune preference: random
     0 | D:1      | 0 ||| qw: Goals: Normal
     0 | D:1      | 0 ||| PLANNING D:1-11
    57 | D:1      | Reached XP level 2. HP: 16/16 MP: 3/3
    85 | D:1      | Reached skill level 3 in Ranged Weapons
   182 | D:1      | Found a faded altar of an unknown god.
   197 | D:1      | 197 ||| FLEEEEING.
   198 | D:1      | 198 ||| FLEEEEING.
   199 | D:1      | 199 ||| FLEEEEING.
   212 | D:1      | 212 ||| FLEEEEING.
   213 | D:1      | 213 ||| FLEEEEING.
   258 | D:1      | Reached XP level 3. HP: 21/21 MP: 4/4
   537 | D:1      | 537 ||| UPGRADING to +0 leather armour.
   547 | D:1      | 547 ||| DROPPING +0 robe.
   548 | D:1      | 548 ||| DROPPING scarf of shadows.
   549 | D:1      | 549 ||| READING scroll labelled DYNKAE NIYMP.
   650 | D:1      | 650 ||| READING scroll labelled ZALAAR JIOGGU.
   651 | D:1      | 651 ||| DRINKING 3 murky purple potions.
   652 | D:1      | 652 ||| DRINKING 2 purple potions.
   653 | D:1      | 653 ||| DROPPING scroll of poison.
  1078 | D:2      | Reached XP level 4. HP: 26/26 MP: 5/5
  1107 | D:2      | Reached skill level 4 in Ranged Weapons
  1295 | D:2      | Found a runed translucent door.
  1296 | D:2      | Noticed Crazy Yiuf
  1385 | D:2      | 1385 ||| UPGRADING to +0 ring mail.
  1395 | D:2      | 1395 ||| DROPPING +0 leather armour.
  1396 | D:2      | 1396 ||| READING scroll labelled PASAON TUFEP.
  1397 | D:2      | 1397 ||| READING 2 scrolls labelled BULARO BEZIB.
  1398 | D:2      | 1398 ||| READING scroll labelled IFUIKO JEJI.
  1399 | D:2      | 1399 ||| READING scroll labelled VUDEL JUWNAATH.
  1429 | D:3      | Noticed Sigmund
  1440 | D:3      | HP: 5/26 [Sigmund/+2 scythe of freezing (4)]
  1442 | D:3      | Slain by Sigmund

Levels and vault maps discovered:
D:1:      minmay_arrival_semitransparent, layout_rooms, basic_ecumenical_altar,
          minmay_small_reverse_x
D:2:      minmay_inner_zag, layout_basic, uniq_crazy_yiuf_cottage
D:3:      layout_loops_corners, lemuel_coloured_pillars_altar,
          nicolae_overflow_ecumenical_swirl, serial_shops, shop, uniq_robin,
          uniq_sigmund

Skill      XL: |  1  2  3  4 |
---------------+-------------+-----
Ranged Weapons | 3 4 |  4.2
Fighting       | 2 |  2.0
Armour         | |  0.2
Dodging        | |  1.5
Spellcasting   | |  1.0
Hexes          | |  2.6

Action                     |  1- 3 |  4- 6 || total
---------------------------+-------+-------++-------
   Fire: Sling             |   161 |    53 ||   214
    Use: Scroll            |     2 |     4 ||     6
         Potion            |     2 |       ||     2
 Armour: Robe              |    14 |       ||    14
         Leather armour    |    10 |    15 ||    25
         Ring mail         |       |     4 ||     4
  Dodge: Dodged            |    55 |    30 ||    85

Table legend:
 A = Non-vault XP
 B = Vault XP
 C = Vault XP percentage of total XP
 D = Non-vault monster count
 E = Vault monster count
 F = Vault count percentage of total count
                 A         B        C        D         E       F
            +---------+---------+-------+---------+---------+-------
      Total |      89 |      32 |  26.4 |      41 |      10 |  19.6
            +---------+---------+-------+---------+---------+-------
        D:1 |      52 |       7 |  11.9 |      25 |       4 |  13.8
        D:2 |      33 |      25 |  43.1 |      13 |       6 |  31.6
        D:3 |       4 |       0 |   0.0 |       3 |       0 |   0.0
            +---------+---------+-------+---------+---------+-------
